 Dungeon Crawl Stone Soup version 0.23.2-1-ga50397a (webtiles) character file.

Game seed: 6956336554083350533

71 Magicfruit the Poker (level 4, -2/28 HPs)
             Began as a Tengu Monk on May 19, 2019.
             Slain by a phantom (7 damage)
             ... on level 4 of the Dungeon.
             The game lasted 00:05:57 (1244 turns).

Magicfruit the Poker (Tengu Monk)                   Turns: 1244, Time: 00:05:58

Health: -2/28      AC:  3    Str: 14    XL:     4   Next: 24%
Magic:  5/5        EV: 14    Int: 12    God:
Gold:   63         SH:  0    Dex: 17    Spells: 3/3 levels left

rFire    . . .     SeeInvis +   a - +0 spear
rCold    . . .     Gourm    .   (no shield)
rNeg     . . .     Faith    .   b - +1 robe
rPois    .         Spirit   .   (helmet restricted)
rElec    .         Reflect  .   (no cloak)
rCorr    .         Harm     .   (no gloves)
MR       .....                  (boots unavailable)
Stlth    ++........             (no amulet)
HPRegen  0.09/turn              (no ring)
MPRegen  0.09/turn              (no ring)

@: no status effects
A: beak, horns 1, talons 3, see invisible, clever 1, strong 1
a: no special abilities


You were on level 4 of the Dungeon.
You were not hungry.

You visited 1 branch of the dungeon, and saw 3 of its levels.

You collected 63 gold pieces.

Inventory:

Hand Weapons
 a - a +0 spear (weapon)
 d - a +0 spear
Armour
 b - a +1 robe (worn)
 i - a +0 robe
 l - a +0 robe
Scrolls
 h - a scroll of remove curse
 k - 2 scrolls of teleportation
Comestibles
 c - 2 rations


   Skills:
 + Level 3.6 Fighting
 + Level 4.1 Polearms
 + Level 4.0 Dodging
 + Level 2.2 Stealth


You had 3 spell levels left.
You didn't know any spells.
Your spell library was empty.

Dungeon Overview and Level Annotations

Branches:
Dungeon (2/15)

Altars:


Innate Abilities, Weirdness & Mutations

You have a beak for a mouth.
You have claws for feet.
You have a pair of small horns on your head.
You have supernaturally acute eyesight. (SInv)
Your mind is acute. (Int +2)
Your muscles are strong. (Str +2)


Message History

The phantom blinks!
You start resting.
The phantom is too close now for your liking.
The phantom blinks!
You completely miss the phantom. Your kick misses the phantom.
Your peck misses the phantom.
The phantom is heavily damaged.
You barely miss the phantom. You claw the phantom. You peck the phantom.
The phantom is severely damaged.
The phantom closely misses you.
You hit the phantom.
The phantom is severely damaged.
The phantom misses you.
You barely miss the phantom.
The phantom is severely damaged.
The phantom barely misses you.
You closely miss the phantom. Your kick misses the phantom.
The phantom is severely damaged.
The phantom hits you!
You die...

##############
#............####
#.#####..........
#.# #†##.......
#.# #.W....####
####.#####.####.#
#.W@........ .#
#.##......... ..
#.####.###.##.
##. #.# #......
.. .. ##.# ..##.#
## ..
##..####..##.# ..
#.#.....#..
##..####.. #..#


You could see a phantom.

Vanquished Creatures
  An iguana (D:4)
  An adder (D:4)
  A worm (D:2)
  A dart slug (D:2)
  2 bats (D:1)
  2 giant cockroaches (D:1)
  4 goblins
  5 hobgoblins
  2 jackals (D:2)
  2 frilled lizards (D:2)
  8 kobolds
  3 rats
32 creatures vanquished.

Notes
Turn   | Place    | Note
-------+----------+-------------------------------------------
     0 | D:1      | Magicfruit the Tengu Monk began the quest for the Orb.
     0 | D:1      | Reached XP level 1. HP: 14/14 MP: 2/2
    38 | D:1      | Reached XP level 2. HP: 6/19 MP: 3/3
   637 | D:2      | Reached XP level 3. HP: 10/23 MP: 4/4
  1130 | D:2      | You fall through a shaft for 2 floors!
  1144 | D:4      | Reached XP level 4. HP: 14/28 MP: 5/5
  1151 | D:4      | Gained mutation: You have a pair of small horns on your
                  | head. [potion of mutation]
  1151 | D:4      | Gained mutation: Your muscles are strong. (Str +2) [potion
                  | of mutation]
  1151 | D:4      | Gained mutation: You have supernaturally acute eyesight.
                  | (SInv) [potion of mutation]
  1151 | D:4      | Gained mutation: Your mind is acute. (Int +2) [potion of
                  | mutation]
  1183 | D:4      | Noticed a phantom
  1202 | D:4      | HP: 1/28 [phantom (3)]
  1244 | D:4      | Slain by a phantom

Skill      XL: |  1  2  3 |
---------------+----------+-----
Polearms       | 4 |  4.1
Dodging        | 4 |  4.0
Fighting       | |  3.6
Stealth        | |  2.2

Action                   |  1- 3 |  4- 6 || total
-------------------------+-------+-------++-------
Melee: Spear             |    75 |    20 ||    95
       Kick              |    24 |     3 ||    27
       Peck              |    10 |     7 ||    17
       Headbutt          |       |     3 ||     3
  Use: Scroll            |     5 |       ||     5
       Potion            |     5 |     1 ||     6
 Stab: Sleeping          |     1 |       ||     1
       Distracted        |     1 |       ||     1
  Eat: Ration            |     1 |       ||     1
Armor: Robe              |    18 |     1 ||    19
Dodge: Dodged            |    54 |    11 ||    65
